Workbook

Sheet Scenario Comparison
B2: [Tenant] - Scenario Comparison
B3: Full Service Example vs Industrial Gross Ex
C5: Full Service Example | D5: Industrial Gross Ex
C6: (Full Service Example Summary) | D6: (Industrial Gross Ex Summary)
B8: DEAL TERMS
B9: Starting Base Rent ($/SF) | C9: ='Full Service Example Summary'!E6 -> 100 | D9: ='Industrial Gross Ex Summary'!E6 -> 18
B10: Annual Escalation | C10: ='Full Service Example Summary'!E7 -> 0.03 | D10: ='Industrial Gross Ex Summary'!E7 -> 0.035
B11: Lease Term (Months) | C11: ='Full Service Example Summary'!E10 -> 60 | D11: ='Industrial Gross Ex Summary'!E10 -> 39
B12: Free Rent (Months) | C12: ='Full Service Example Summary'!E11 -> 3 | D12: ='Industrial Gross Ex Summary'!E11 -> 2
B13: Lease Type | C13: ='Full Service Example Summary'!E12 -> Full Service | D13: ='Industrial Gross Ex Summary'!E12 -> Industrial Gross
B14: Lease Start Date | C14: ='Full Service Example Summary'!E8 -> 46023 | D14: ='Industrial Gross Ex Summary'!E8 -> 46023
B15: Leased SF | C15: ='Full Service Example Summary'!E9 -> 10000 | D15: ='Industrial Gross Ex Summary'!E9 -> 25000
B16: TI Toward Rent ($/SF) | C16: ='Full Service Example Summary'!E13 -> 10 | D16: ='Industrial Gross Ex Summary'!E15 -> 0
B17: Industrial Gross ($/SF/Yr) (Estimate) | D17: ='Industrial Gross Ex Summary'!E13 -> 5
B18: IG Annual Increase (Estimate) | D18: ='Industrial Gross Ex Summary'!E14 -> 0.03
B19: TOTAL LEASE ECONOMICS
B20: Total Base Rent (Gross) | C20: ='Full Service Example Summary'!E16 -> 5309135.8 | D20: ='Industrial Gross Ex Summary'!E18 -> 1522532
B21: Total Abatements | C21: ='Full Service Example Summary'!E17 -> -250000 | D21: ='Industrial Gross Ex Summary'!E19 -> -75000
B22: Total TI Toward Rent | C22: ='Full Service Example Summary'!E18 -> -100000 | D22: ='Industrial Gross Ex Summary'!E20 -> 0
B23: Total SF Rent Tax | C23: ='Full Service Example Summary'!E19 -> 177069.75 | D23: ='Industrial Gross Ex Summary'!E21 -> 50663.62
B24: Total OpEx (Estimate) | C24: ='Full Service Example Summary'!E20 -> 104080.64 | D24: ='Industrial Gross Ex Summary'!E22 -> 95510
B25: Total Industrial Gross (Estimate) | D25: ='Industrial Gross Ex Summary'!E23 -> 420510.22
B26: TOTAL NET COST | C26: ='Full Service Example Summary'!E22 -> 5240286.2 | D26: ='Industrial Gross Ex Summary'!E25 -> 2014215.9
B27: NORMALIZED METRICS (APPLES-TO-APPLES)
B28: Effective Cost / SF / Year | C28: ='Full Service Example Summary'!E25 -> 104.80572 | D28: ='Industrial Gross Ex Summary'!E28 -> 24.790349
B29: Avg Annual Cost | C29: ='Full Service Example Summary'!E26 -> 1048057.2 | D29: ='Industrial Gross Ex Summary'!E29 -> 619758.72
B30: Avg Cost per Month | C30: ='Full Service Example Summary'!E27 -> 87338.103 | D30: ='Industrial Gross Ex Summary'!E30 -> 51646.56
B31: MEMO - INFORMATIONAL, EXCLUDED FROM TOTAL NET COST
B32: TI Allowance (Landlord) | C32: ='Full Service Example Summary'!E30 -> 500000 | D32: ='Industrial Gross Ex Summary'!E33 -> 375000
B34: ANNUAL NET COST BY LEASE YEAR
B35: Year 1 | C35: ='Full Service Example Summary'!I7 -> 676250 | D35: ='Industrial Gross Ex Summary'!I7 -> 513125
B36: Year 2 | C36: ='Full Service Example Summary'!I8 -> 1076050 | D36: ='Industrial Gross Ex Summary'!I8 -> 635801.25
B37: Year 3 | C37: ='Full Service Example Summary'!I9 -> 1118431.5 | D37: ='Industrial Gross Ex Summary'!I9 -> 682535.54
B38: Year 4 | C38: ='Full Service Example Summary'!I10 -> 1162188.4 | D38: ='Industrial Gross Ex Summary'!I10 -> 182754.06
B39: Year 5 | C39: ='Full Service Example Summary'!I11 -> 1207366.3
B40: Total | C40: =SUM(C35:C39) -> 5240286.2 | D40: =SUM(D35:D39) -> 2014215.9

Sheet Full Service Example Summary
B2: Full Service Example - Lease Financial Summary
B3: [Tenant] | [Building / Suite] | 10,000 SF | Full Service
B5: CORE LEASE ECONOMICS | H5: NET COST BY LEASE YEAR
B6: Starting Base Rent ($/SF) | E6: ='Full Service Example Assump'!$D$17 -> 100 | H6: Lease Year | I6: Net Cost
B7: Annual Escalation | E7: ='Full Service Example Assump'!$D$18 -> 0.03 | H7: 1 | I7: =SUM('Full Service Example CF'!D20:O20) -> 676250
B8: Start Date | E8: ='Full Service Example Assump'!$D$10 -> 46023 | H8: 2 | I8: =SUM('Full Service Example CF'!P20:AA20) -> 1076050
B9: Leased SF | E9: ='Full Service Example Assump'!$D$9 -> 10000 | H9: 3 | I9: =SUM('Full Service Example CF'!AB20:AM20) -> 1118431.5
B10: Lease Term (Months) | E10: ='Full Service Example Assump'!$D$12 -> 60 | H10: 4 | I10: =SUM('Full Service Example CF'!AN20:AY20) -> 1162188.4
B11: Free Rent (Months) | E11: ='Full Service Example Assump'!$D$13 -> 3 | H11: 5 | I11: =SUM('Full Service Example CF'!AZ20:BK20) -> 1207366.3
B12: Lease Type | E12: ='Full Service Example Assump'!$D$14 -> Full Service | H12: Total | I12: ='Full Service Example CF'!BL20 -> 5240286.2
B13: TI Toward Rent ($/SF) | E13: ='Full Service Example Assump'!$D$30 -> 10
B15: TOTAL LEASE ECONOMICS
B16: Total Base Rent (gross) | E16: ='Full Service Example CF'!BL10 -> 5309135.8
B17: Total Abatements | E17: ='Full Service Example CF'!BL11 -> -250000
B18: Total TI Toward Rent | E18: ='Full Service Example CF'!BL12 -> -100000
B19: Total SF Rent Tax | E19: ='Full Service Example CF'!BL13 -> 177069.75
B20: Total OpEx (Estimate) | E20: ='Full Service Example CF'!BL16 -> 104080.64
B21: Total TI Construction | E21: ='Full Service Example CF'!BL17 -> 0
B22: Total Cost | E22: ='Full Service Example CF'!BL20 -> 5240286.2
B24: NORMALIZED METRICS
B25: Cost/SF/Year | E25: ='Full Service Example CF'!BL20/'Full Service Example Assump'!$D$9/('Full Service Example Assump'!$D$12/12) -> 104.80572
B26: Avg Annual Cost | E26: ='Full Service Example CF'!BL20/('Full Service Example Assump'!$D$12/12) -> 1048057.2
B27: Avg Cost per Month | E27: ='Full Service Example CF'!BL20/'Full Service Example Assump'!$D$12 -> 87338.103
B29: MEMO - INFORMATIONAL, EXCLUDED FROM TOTAL COST
B30: TI Allowance (Landlord) | E30: ='Full Service Example CF'!BL24 -> 500000

Sheet Full Service Example Assump
B2: Full Service Example - Assumptions
B3: [Building / Suite]
B7: DEAL
B8: Tenant Name | D8: [Tenant]
B9: Leased SF | D9: 10000
B10: Lease Start Date | D10: 46023
B11: Analysis Start | D11: 46023
B12: Lease Term (Months) | D12: 60
B13: Free Rent (Months) | D13: 3
B14: Lease Type | D14: Full Service
B16: RENT
B17: Starting Base Rent ($/SF/Yr) | D17: 100
B18: Annual Rent Escalation | D18: 0.03
B19: SF Rent Tax | D19: 0.035
B20: Abatement Structure | D20: Months 1-3 (consecutive)
B22: OPERATING EXPENSES
B23: OpEx Base Year ($/SF) (Estimate) | D23: 25
B24: OpEx Annual Increase (Estimate) | D24: 0.04
B25: OpEx Start Date | D25: 46388
B26: OpEx Base Year | D26: 2026
B28: TENANT IMPROVEMENTS
B29: TI Allowance ($/SF) | D29: 50 | F29: INFORMATIONAL ONLY - excluded from cash flow and all totals
B30: TI Toward Rent ($/SF) | D30: 10 | F30: Real credit - applied against rent in month 1
B31: TI Construction (Tenant Cost) | D31: 0
B32: Furniture (Tenant Cost) | D32: 0
B34: RENT SCHEDULE ($/SF/YEAR)
B35: Lease Year | D35: $/SF/Year
B36: 1 | D36: =$D$17 -> 100
B37: 2 | D37: =$D$36*(1+$D$18) -> 103
B38: 3 | D38: =$D$37*(1+$D$18) -> 106.09
B39: 4 | D39: =$D$38*(1+$D$18) -> 109.2727
B40: 5 | D40: =$D$39*(1+$D$18) -> 112.55088

Sheet Full Service Example CF
B2: Full Service Example - Monthly Cash Flow
B3: [Tenant] | [Building / Suite] | 10,000 SF | Full Service | 60 months
B5: Lease Year | D5: 1 | E5: 1 | F5: 1 | G5: 1 | H5: 1 | I5: 1 | J5: 1 | K5: 1 | L5: 1 | M5: 1 | N5: 1 | O5: 1 | P5: 2 | Q5: 2 | R5: 2 | S5: 2 | T5: 2 | U5: 2 | V5: 2 | W5: 2 | X5: 2 | Y5: 2 | Z5: 2 | AA5: 2 | AB5: 3 | AC5: 3 | AD5: 3 | AE5: 3 | AF5: 3 | AG5: 3 | AH5: 3 | AI5: 3 | AJ5: 3 | AK5: 3 | AL5: 3 | AM5: 3 | AN5: 4 | AO5: 4 | AP5: 4 | AQ5: 4 | AR5: 4 | AS5: 4 | AT5: 4 | AU5: 4 | AV5: 4 | AW5: 4 | AX5: 4 | AY5: 4 | AZ5: 5 | BA5: 5 | BB5: 5 | BC5: 5 | BD5: 5 | BE5: 5 | BF5: 5 | BG5: 5 | BH5: 5 | BI5: 5 | BJ5: 5 | BK5: 5 | BL5: TOTAL
B6: Month | D6: 1 | E6: 2 | F6: 3 | G6: 4 | H6: 5 | I6: 6 | J6: 7 | K6: 8 | L6: 9 | M6: 10 | N6: 11 | O6: 12 | P6: 13 | Q6: 14 | R6: 15 | S6: 16 | T6: 17 | U6: 18 | V6: 19 | W6: 20 | X6: 21 | Y6: 22 | Z6: 23 | AA6: 24 | AB6: 25 | AC6: 26 | AD6: 27 | AE6: 28 | AF6: 29 | AG6: 30 | AH6: 31 | AI6: 32 | AJ6: 33 | AK6: 34 | AL6: 35 | AM6: 36 | AN6: 37 | AO6: 38 | AP6: 39 | AQ6: 40 | AR6: 41 | AS6: 42 | AT6: 43 | AU6: 44 | AV6: 45 | AW6: 46 | AX6: 47 | AY6: 48 | AZ6: 49 | BA6: 50 | BB6: 51 | BC6: 52 | BD6: 53 | BE6: 54 | BF6: 55 | BG6: 56 | BH6: 57 | BI6: 58 | BJ6: 59 | BK6: 60
B7: Month-Ending | D7: =EDATE('Full Service Example Assump'!$D$11,0) -> 46023 | E7: =EDATE('Full Service Example Assump'!$D$11,1) -> 46054 | F7: =EDATE('Full Service Example Assump'!$D$11,2) -> 46082 | G7: =EDATE('Full Service Example Assump'!$D$11,3) -> 46113 | H7: =EDATE('Full Service Example Assump'!$D$11,4) -> 46143 | I7: =EDATE('Full Service Example Assump'!$D$11,5) -> 46174 | J7: =EDATE('Full Service Example Assump'!$D$11,6) -> 46204 | K7: =EDATE('Full Service Example Assump'!$D$11,7) -> 46235 | L7: =EDATE('Full Service Example Assump'!$D$11,8) -> 46266 | M7: =EDATE('Full Service Example Assump'!$D$11,9) -> 46296 | N7: =EDATE('Full Service Example Assump'!$D$11,10) -> 46327 | O7: =EDATE('Full Service Example Assump'!$D$11,11) -> 46357 | P7: =EDATE('Full Service Example Assump'!$D$11,12) -> 46388 | Q7: =EDATE('Full Service Example Assump'!$D$11,13) -> 46419 | R7: =EDATE('Full Service Example Assump'!$D$11,14) -> 46447 | S7: =EDATE('Full Service Example Assump'!$D$11,15) -> 46478 | T7: =EDATE('Full Service Example Assump'!$D$11,16) -> 46508 | U7: =EDATE('Full Service Example Assump'!$D$11,17) -> 46539 | V7: =EDATE('Full Service Example Assump'!$D$11,18) -> 46569 | W7: =EDATE('Full Service Example Assump'!$D$11,19) -> 46600 | X7: =EDATE('Full Service Example Assump'!$D$11,20) -> 46631 | Y7: =EDATE('Full Service Example Assump'!$D$11,21) -> 46661 | Z7: =EDATE('Full Service Example Assump'!$D$11,22) -> 46692 | AA7: =EDATE('Full Service Example Assump'!$D$11,23) -> 46722 | AB7: =EDATE('Full Service Example Assump'!$D$11,24) -> 46753 | AC7: =EDATE('Full Service Example Assump'!$D$11,25) -> 46784 | AD7: =EDATE('Full Service Example Assump'!$D$11,26) -> 46813 | AE7: =EDATE('Full Service Example Assump'!$D$11,27) -> 46844 | AF7: =EDATE('Full Service Example Assump'!$D$11,28) -> 46874 | AG7: =EDATE('Full Service Example Assump'!$D$11,29) -> 46905 | AH7: =EDATE('Full Service Example Assump'!$D$11,30) -> 46935 | AI7: =EDATE('Full Service Example Assump'!$D$11,31) -> 46966 | AJ7: =EDATE('Full Service Example Assump'!$D$11,32) -> 46997 | AK7: =EDATE('Full Service Example Assump'!$D$11,33) -> 47027 | AL7: =EDATE('Full Service Example Assump'!$D$11,34) -> 47058 | AM7: =EDATE('Full Service Example Assump'!$D$11,35) -> 47088 | AN7: =EDATE('Full Service Example Assump'!$D$11,36) -> 47119 | AO7: =EDATE('Full Service Example Assump'!$D$11,37) -> 47150 | AP7: =EDATE('Full Service Example Assump'!$D$11,38) -> 47178 | AQ7: =EDATE('Full Service Example Assump'!$D$11,39) -> 47209 | AR7: =EDATE('Full Service Example Assump'!$D$11,40) -> 47239 | AS7: =EDATE('Full Service Example Assump'!$D$11,41) -> 47270 | AT7: =EDATE('Full Service Example Assump'!$D$11,42) -> 47300 | AU7: =EDATE('Full Service Example Assump'!$D$11,43) -> 47331 | AV7: =EDATE('Full Service Example Assump'!$D$11,44) -> 47362 | AW7: =EDATE('Full Service Example Assump'!$D$11,45) -> 47392 | AX7: =EDATE('Full Service Example Assump'!$D$11,46) -> 47423 | AY7: =EDATE('Full Service Example Assump'!$D$11,47) -> 47453 | AZ7: =EDATE('Full Service Example Assump'!$D$11,48) -> 47484 | BA7: =EDATE('Full Service Example Assump'!$D$11,49) -> 47515 | BB7: =EDATE('Full Service Example Assump'!$D$11,50) -> 47543 | BC7: =EDATE('Full Service Example Assump'!$D$11,51) -> 47574 | BD7: =EDATE('Full Service Example Assump'!$D$11,52) -> 47604 | BE7: =EDATE('Full Service Example Assump'!$D$11,53) -> 47635 | BF7: =EDATE('Full Service Example Assump'!$D$11,54) -> 47665 | BG7: =EDATE('Full Service Example Assump'!$D$11,55) -> 47696 | BH7: =EDATE('Full Service Example Assump'!$D$11,56) -> 47727 | BI7: =EDATE('Full Service Example Assump'!$D$11,57) -> 47757 | BJ7: =EDATE('Full Service Example Assump'!$D$11,58) -> 47788 | BK7: =EDATE('Full Service Example Assump'!$D$11,59) -> 47818
B9: RENT
B10: Base Rent | D10: ='Full Service Example Assump'!$D$9*'Full Service Example Assump'!$D$36/12 -> 83333.333 | E10: ='Full Service Example Assump'!$D$9*'Full Service Example Assump'!$D$36/12 -> 83333.333 | F10: ='Full Service Example Assump'!$D$9*'Full Service Example Assump'!$D$36/12 -> 83333.333 | G10: ='Full Service Example Assump'!$D$9*'Full Service Example Assump'!$D$36/12 -> 83333.333 | H10: ='Full Service Example Assump'!$D$9*'Full Service Example Assump'!$D$36/12 -> 83333.333 | I10: ='Full Service Example Assump'!$D$9*'Full Service Example Assump'!$D$36/12 -> 83333.333 | J10: ='Full Service Example Assump'!$D$9*'Full Service Example Assump'!$D$36/12 -> 83333.333 | K10: ='Full Service Example Assump'!$D$9*'Full Service Example Assump'!$D$36/12 -> 83333.333 | ... O10: ='Full Service Example Assump'!$D$9*'Full Service Example Assump'!$D$36/12 -> 83333.333 | P10: ='Full Service Example Assump'!$D$9*'Full Service Example Assump'!$D$37/12 -> 85833.333 | Q10: ='Full Service Example Assump'!$D$9*'Full Service Example Assump'!$D$37/12 -> 85833.333 | R10: ='Full Service Example Assump'!$D$9*'Full Service Example Assump'!$D$37/12 -> 85833.333 | S10: ='Full Service Example Assump'!$D$9*'Full Service Example Assump'!$D$37/12 -> 85833.333 | T10: ='Full Service Example Assump'!$D$9*'Full Service Example Assump'!$D$37/12 -> 85833.333 | U10: ='Full Service Example Assump'!$D$9*'Full Service Example Assump'!$D$37/12 -> 85833.333 | V10: ='Full Service Example Assump'!$D$9*'Full Service Example Assump'!$D$37/12 -> 85833.333 | W10: ='Full Service Example Assump'!$D$9*'Full Service Example Assump'!$D$37/12 -> 85833.333 | ... AA10: ='Full Service Example Assump'!$D$9*'Full Service Example Assump'!$D$37/12 -> 85833.333 | AB10: ='Full Service Example Assump'!$D$9*'Full Service Example Assump'!$D$38/12 -> 88408.333 | AC10: ='Full Service Example Assump'!$D$9*'Full Service Example Assump'!$D$38/12 -> 88408.333 | AD10: ='Full Service Example Assump'!$D$9*'Full Service Example Assump'!$D$38/12 -> 88408.333 | AE10: ='Full Service Example Assump'!$D$9*'Full Service Example Assump'!$D$38/12 -> 88408.333 | AF10: ='Full Service Example Assump'!$D$9*'Full Service Example Assump'!$D$38/12 -> 88408.333 | AG10: ='Full Service Example Assump'!$D$9*'Full Service Example Assump'!$D$38/12 -> 88408.333 | AH10: ='Full Service Example Assump'!$D$9*'Full Service Example Assump'!$D$38/12 -> 88408.333 | AI10: ='Full Service Example Assump'!$D$9*'Full Service Example Assump'!$D$38/12 -> 88408.333 | ... AM10: ='Full Service Example Assump'!$D$9*'Full Service Example Assump'!$D$38/12 -> 88408.333 | AN10: ='Full Service Example Assump'!$D$9*'Full Service Example Assump'!$D$39/12 -> 91060.583 | AO10: ='Full Service Example Assump'!$D$9*'Full Service Example Assump'!$D$39/12 -> 91060.583 | AP10: ='Full Service Example Assump'!$D$9*'Full Service Example Assump'!$D$39/12 -> 91060.583 | AQ10: ='Full Service Example Assump'!$D$9*'Full Service Example Assump'!$D$39/12 -> 91060.583 | AR10: ='Full Service Example Assump'!$D$9*'Full Service Example Assump'!$D$39/12 -> 91060.583 | AS10: ='Full Service Example Assump'!$D$9*'Full Service Example Assump'!$D$39/12 -> 91060.583 | AT10: ='Full Service Example Assump'!$D$9*'Full Service Example Assump'!$D$39/12 -> 91060.583 | AU10: ='Full Service Example Assump'!$D$9*'Full Service Example Assump'!$D$39/12 -> 91060.583 | ... AY10: ='Full Service Example Assump'!$D$9*'Full Service Example Assump'!$D$39/12 -> 91060.583 | AZ10: ='Full Service Example Assump'!$D$9*'Full Service Example Assump'!$D$40/12 -> 93792.401 | BA10: ='Full Service Example Assump'!$D$9*'Full Service Example Assump'!$D$40/12 -> 93792.401 | BB10: ='Full Service Example Assump'!$D$9*'Full Service Example Assump'!$D$40/12 -> 93792.401 | BC10: ='Full Service Example Assump'!$D$9*'Full Service Example Assump'!$D$40/12 -> 93792.401 | BD10: ='Full Service Example Assump'!$D$9*'Full Service Example Assump'!$D$40/12 -> 93792.401 | BE10: ='Full Service Example Assump'!$D$9*'Full Service Example Assump'!$D$40/12 -> 93792.401 | BF10: ='Full Service Example Assump'!$D$9*'Full Service Example Assump'!$D$40/12 -> 93792.401 | BG10: ='Full Service Example Assump'!$D$9*'Full Service Example Assump'!$D$40/12 -> 93792.401 | ... BK10: ='Full Service Example Assump'!$D$9*'Full Service Example Assump'!$D$40/12 -> 93792.401 | BL10: =SUM(D10:BK10) -> 5309135.8
B11: Base Rent Abatements | D11: =IF(1<='Full Service Example Assump'!$D$13,-D10,0) -> -83333.333 | E11: =IF(2<='Full Service Example Assump'!$D$13,-E10,0) -> -83333.333 | F11: =IF(3<='Full Service Example Assump'!$D$13,-F10,0) -> -83333.333 | G11: =IF(4<='Full Service Example Assump'!$D$13,-G10,0) -> 0 | H11: =IF(5<='Full Service Example Assump'!$D$13,-H10,0) -> 0 | I11: =IF(6<='Full Service Example Assump'!$D$13,-I10,0) -> 0 | J11: =IF(7<='Full Service Example Assump'!$D$13,-J10,0) -> 0 | K11: =IF(8<='Full Service Example Assump'!$D$13,-K10,0) -> 0 | L11: =IF(9<='Full Service Example Assump'!$D$13,-L10,0) -> 0 | M11: =IF(10<='Full Service Example Assump'!$D$13,-M10,0) -> 0 | N11: =IF(11<='Full Service Example Assump'!$D$13,-N10,0) -> 0 | O11: =IF(12<='Full Service Example Assump'!$D$13,-O10,0) -> 0 | P11: =IF(13<='Full Service Example Assump'!$D$13,-P10,0) -> 0 | Q11: =IF(14<='Full Service Example Assump'!$D$13,-Q10,0) -> 0 | R11: =IF(15<='Full Service Example Assump'!$D$13,-R10,0) -> 0 | S11: =IF(16<='Full Service Example Assump'!$D$13,-S10,0) -> 0 | T11: =IF(17<='Full Service Example Assump'!$D$13,-T10,0) -> 0 | U11: =IF(18<='Full Service Example Assump'!$D$13,-U10,0) -> 0 | V11: =IF(19<='Full Service Example Assump'!$D$13,-V10,0) -> 0 | W11: =IF(20<='Full Service Example Assump'!$D$13,-W10,0) -> 0 | X11: =IF(21<='Full Service Example Assump'!$D$13,-X10,0) -> 0 | Y11: =IF(22<='Full Service Example Assump'!$D$13,-Y10,0) -> 0 | Z11: =IF(23<='Full Service Example Assump'!$D$13,-Z10,0) -> 0 | AA11: =IF(24<='Full Service Example Assump'!$D$13,-AA10,0) -> 0 | AB11: =IF(25<='Full Service Example Assump'!$D$13,-AB10,0) -> 0 | AC11: =IF(26<='Full Service Example Assump'!$D$13,-AC10,0) -> 0 | AD11: =IF(27<='Full Service Example Assump'!$D$13,-AD10,0) -> 0 | AE11: =IF(28<='Full Service Example Assump'!$D$13,-AE10,0) -> 0 | AF11: =IF(29<='Full Service Example Assump'!$D$13,-AF10,0) -> 0 | AG11: =IF(30<='Full Service Example Assump'!$D$13,-AG10,0) -> 0 | AH11: =IF(31<='Full Service Example Assump'!$D$13,-AH10,0) -> 0 | AI11: =IF(32<='Full Service Example Assump'!$D$13,-AI10,0) -> 0 | AJ11: =IF(33<='Full Service Example Assump'!$D$13,-AJ10,0) -> 0 | AK11: =IF(34<='Full Service Example Assump'!$D$13,-AK10,0) -> 0 | AL11: =IF(35<='Full Service Example Assump'!$D$13,-AL10,0) -> 0 | AM11: =IF(36<='Full Service Example Assump'!$D$13,-AM10,0) -> 0 | AN11: =IF(37<='Full Service Example Assump'!$D$13,-AN10,0) -> 0 | AO11: =IF(38<='Full Service Example Assump'!$D$13,-AO10,0) -> 0 | AP11: =IF(39<='Full Service Example Assump'!$D$13,-AP10,0) -> 0 | AQ11: =IF(40<='Full Service Example Assump'!$D$13,-AQ10,0) -> 0 | AR11: =IF(41<='Full Service Example Assump'!$D$13,-AR10,0) -> 0 | AS11: =IF(42<='Full Service Example Assump'!$D$13,-AS10,0) -> 0 | AT11: =IF(43<='Full Service Example Assump'!$D$13,-AT10,0) -> 0 | AU11: =IF(44<='Full Service Example Assump'!$D$13,-AU10,0) -> 0 | AV11: =IF(45<='Full Service Example Assump'!$D$13,-AV10,0) -> 0 | AW11: =IF(46<='Full Service Example Assump'!$D$13,-AW10,0) -> 0 | AX11: =IF(47<='Full Service Example Assump'!$D$13,-AX10,0) -> 0 | AY11: =IF(48<='Full Service Example Assump'!$D$13,-AY10,0) -> 0 | AZ11: =IF(49<='Full Service Example Assump'!$D$13,-AZ10,0) -> 0 | BA11: =IF(50<='Full Service Example Assump'!$D$13,-BA10,0) -> 0 | BB11: =IF(51<='Full Service Example Assump'!$D$13,-BB10,0) -> 0 | BC11: =IF(52<='Full Service Example Assump'!$D$13,-BC10,0) -> 0 | BD11: =IF(53<='Full Service Example Assump'!$D$13,-BD10,0) -> 0 | BE11: =IF(54<='Full Service Example Assump'!$D$13,-BE10,0) -> 0 | BF11: =IF(55<='Full Service Example Assump'!$D$13,-BF10,0) -> 0 | BG11: =IF(56<='Full Service Example Assump'!$D$13,-BG10,0) -> 0 | BH11: =IF(57<='Full Service Example Assump'!$D$13,-BH10,0) -> 0 | BI11: =IF(58<='Full Service Example Assump'!$D$13,-BI10,0) -> 0 | BJ11: =IF(59<='Full Service Example Assump'!$D$13,-BJ10,0) -> 0 | BK11: =IF(60<='Full Service Example Assump'!$D$13,-BK10,0) -> 0 | BL11: =SUM(D11:BK11) -> -250000
B12: TI Toward Rent (Credit) | D12: =-'Full Service Example Assump'!$D$9*'Full Service Example Assump'!$D$30 -> -100000 | E12: =0 -> 0 | F12: =0 -> 0 | G12: =0 -> 0 | H12: =0 -> 0 | I12: =0 -> 0 | J12: =0 -> 0 | K12: =0 -> 0 | L12: =0 -> 0 | ... BK12: =0 -> 0 | BL12: =SUM(D12:BK12) -> -100000
B13: SF Rent Tax | D13: =IF(D11<>0,0,D10*'Full Service Example Assump'!$D$19) -> 0 | E13: =IF(E11<>0,0,E10*'Full Service Example Assump'!$D$19) -> 0 | F13: =IF(F11<>0,0,F10*'Full Service Example Assump'!$D$19) -> 0 | G13: =IF(G11<>0,0,G10*'Full Service Example Assump'!$D$19) -> 2916.6667 | H13: =IF(H11<>0,0,H10*'Full Service Example Assump'!$D$19) -> 2916.6667 | I13: =IF(I11<>0,0,I10*'Full Service Example Assump'!$D$19) -> 2916.6667 | J13: =IF(J11<>0,0,J10*'Full Service Example Assump'!$D$19) -> 2916.6667 | K13: =IF(K11<>0,0,K10*'Full Service Example Assump'!$D$19) -> 2916.6667 | ... BK13: =IF(BK11<>0,0,BK10*'Full Service Example Assump'!$D$19) -> 3282.734 | BL13: =SUM(D13:BK13) -> 177069.75
B14: Gross Rent | D14: =D10+D11+D12+D13 -> -100000 | E14: =E10+E11+E12+E13 -> 0 | F14: =F10+F11+F12+F13 -> 0 | G14: =G10+G11+G12+G13 -> 86250 | H14: =H10+H11+H12+H13 -> 86250 | I14: =I10+I11+I12+I13 -> 86250 | J14: =J10+J11+J12+J13 -> 86250 | K14: =K10+K11+K12+K13 -> 86250 | ... BK14: =BK10+BK11+BK12+BK13 -> 97075.135 | BL14: =SUM(D14:BK14) -> 5136205.6
B15: OPERATING COSTS & OTHER
B16: Operating Expenses (Estimate) | D16: =IF(D7<'Full Service Example Assump'!$D$25,0,'Full Service Example Assump'!$D$9*'Full Service Example Assump'!$D$23*((1+'Full Service Example Assump'!$D$24)^(YEAR(D7)-'Full Service Example Assump'!$D$26)-1)/12) -> 0 | E16: =IF(E7<'Full Service Example Assump'!$D$25,0,'Full Service Example Assump'!$D$9*'Full Service Example Assump'!$D$23*((1+'Full Service Example Assump'!$D$24)^(YEAR(E7)-'Full Service Example Assump'!$D$26)-1)/12) -> 0 | F16: =IF(F7<'Full Service Example Assump'!$D$25,0,'Full Service Example Assump'!$D$9*'Full Service Example Assump'!$D$23*((1+'Full Service Example Assump'!$D$24)^(YEAR(F7)-'Full Service Example Assump'!$D$26)-1)/12) -> 0 | G16: =IF(G7<'Full Service Example Assump'!$D$25,0,'Full Service Example Assump'!$D$9*'Full Service Example Assump'!$D$23*((1+'Full Service Example Assump'!$D$24)^(YEAR(G7)-'Full Service Example Assump'!$D$26)-1)/12) -> 0 | H16: =IF(H7<'Full Service Example Assump'!$D$25,0,'Full Service Example Assump'!$D$9*'Full Service Example Assump'!$D$23*((1+'Full Service Example Assump'!$D$24)^(YEAR(H7)-'Full Service Example Assump'!$D$26)-1)/12) -> 0 | I16: =IF(I7<'Full Service Example Assump'!$D$25,0,'Full Service Example Assump'!$D$9*'Full Service Example Assump'!$D$23*((1+'Full Service Example Assump'!$D$24)^(YEAR(I7)-'Full Service Example Assump'!$D$26)-1)/12) -> 0 | J16: =IF(J7<'Full Service Example Assump'!$D$25,0,'Full Service Example Assump'!$D$9*'Full Service Example Assump'!$D$23*((1+'Full Service Example Assump'!$D$24)^(YEAR(J7)-'Full Service Example Assump'!$D$26)-1)/12) -> 0 | K16: =IF(K7<'Full Service Example Assump'!$D$25,0,'Full Service Example Assump'!$D$9*'Full Service Example Assump'!$D$23*((1+'Full Service Example Assump'!$D$24)^(YEAR(K7)-'Full Service Example Assump'!$D$26)-1)/12) -> 0 | ... BK16: =IF(BK7<'Full Service Example Assump'!$D$25,0,'Full Service Example Assump'!$D$9*'Full Service Example Assump'!$D$23*((1+'Full Service Example Assump'!$D$24)^(YEAR(BK7)-'Full Service Example Assump'!$D$26)-1)/12) -> 3538.72 | BL16: =SUM(D16:BK16) -> 104080.64
B17: TI Construction | D17: ='Full Service Example Assump'!$D$31 -> 0 | E17: =0 -> 0 | F17: =0 -> 0 | G17: =0 -> 0 | H17: =0 -> 0 | I17: =0 -> 0 | J17: =0 -> 0 | K17: =0 -> 0 | L17: =0 -> 0 | ... BK17: =0 -> 0 | BL17: =SUM(D17:BK17) -> 0
B18: Furniture (Tenant Cost) | D18: ='Full Service Example Assump'!$D$32 -> 0 | E18: =0 -> 0 | F18: =0 -> 0 | G18: =0 -> 0 | H18: =0 -> 0 | I18: =0 -> 0 | J18: =0 -> 0 | K18: =0 -> 0 | L18: =0 -> 0 | ... BK18: =0 -> 0 | BL18: =SUM(D18:BK18) -> 0
B20: Net Cost | D20: =D14+D16+D17+D18 -> -100000 | E20: =E14+E16+E17+E18 -> 0 | F20: =F14+F16+F17+F18 -> 0 | G20: =G14+G16+G17+G18 -> 86250 | H20: =H14+H16+H17+H18 -> 86250 | I20: =I14+I16+I17+I18 -> 86250 | J20: =J14+J16+J17+J18 -> 86250 | K20: =K14+K16+K17+K18 -> 86250 | ... BK20: =BK14+BK16+BK17+BK18 -> 100613.85 | BL20: =SUM(D20:BK20) -> 5240286.2
B23: MEMO - INFORMATIONAL, EXCLUDED FROM NET COST
B24: TI Allowance (Landlord) | BL24: ='Full Service Example Assump'!$D$9*'Full Service Example Assump'!$D$29 -> 500000

Sheet Industrial Gross Ex Summary
B2: Industrial Gross Ex - Lease Financial Summary
B3: [Tenant] | [Industrial Building] | 25,000 SF | Industrial Gross
B5: CORE LEASE ECONOMICS | H5: NET COST BY LEASE YEAR
B6: Starting Base Rent ($/SF) | E6: ='Industrial Gross Ex Assump'!$D$17 -> 18 | H6: Lease Year | I6: Net Cost
B7: Annual Escalation | E7: ='Industrial Gross Ex Assump'!$D$18 -> 0.035 | H7: 1 | I7: =SUM('Industrial Gross Ex CF'!D21:O21) -> 513125
B8: Start Date | E8: ='Industrial Gross Ex Assump'!$D$10 -> 46023 | H8: 2 | I8: =SUM('Industrial Gross Ex CF'!P21:AA21) -> 635801.25
B9: Leased SF | E9: ='Industrial Gross Ex Assump'!$D$9 -> 25000 | H9: 3 | I9: =SUM('Industrial Gross Ex CF'!AB21:AM21) -> 682535.54
B10: Lease Term (Months) | E10: ='Industrial Gross Ex Assump'!$D$12 -> 39 | H10: 4 | I10: =SUM('Industrial Gross Ex CF'!AN21:AP21) -> 182754.06
B11: Free Rent (Months) | E11: ='Industrial Gross Ex Assump'!$D$13 -> 2 | H11: Total | I11: ='Industrial Gross Ex CF'!AQ21 -> 2014215.9
B12: Lease Type | E12: ='Industrial Gross Ex Assump'!$D$14 -> Industrial Gross
B13: Industrial Gross ($/SF/Yr) (Estimate) | E13: ='Industrial Gross Ex Assump'!$D$27 -> 5
B14: IG Annual Increase (Estimate) | E14: ='Industrial Gross Ex Assump'!$D$28 -> 0.03
B15: TI Toward Rent ($/SF) | E15: ='Industrial Gross Ex Assump'!$D$32 -> 0
B17: TOTAL LEASE ECONOMICS
B18: Total Base Rent (gross) | E18: ='Industrial Gross Ex CF'!AQ10 -> 1522532
B19: Total Abatements | E19: ='Industrial Gross Ex CF'!AQ11 -> -75000
B20: Total TI Toward Rent | E20: ='Industrial Gross Ex CF'!AQ12 -> 0
B21: Total SF Rent Tax | E21: ='Industrial Gross Ex CF'!AQ13 -> 50663.62
B22: Total OpEx (Estimate) | E22: ='Industrial Gross Ex CF'!AQ16 -> 95510
B23: Total Industrial Gross (Estimate) | E23: ='Industrial Gross Ex CF'!AQ17 -> 420510.22
B24: Total TI Construction | E24: ='Industrial Gross Ex CF'!AQ18 -> 0
B25: Total Cost | E25: ='Industrial Gross Ex CF'!AQ21 -> 2014215.9
B27: NORMALIZED METRICS
B28: Cost/SF/Year | E28: ='Industrial Gross Ex CF'!AQ21/'Industrial Gross Ex Assump'!$D$9/('Industrial Gross Ex Assump'!$D$12/12) -> 24.790349
B29: Avg Annual Cost | E29: ='Industrial Gross Ex CF'!AQ21/('Industrial Gross Ex Assump'!$D$12/12) -> 619758.72
B30: Avg Cost per Month | E30: ='Industrial Gross Ex CF'!AQ21/'Industrial Gross Ex Assump'!$D$12 -> 51646.56
B32: MEMO - INFORMATIONAL, EXCLUDED FROM TOTAL COST
B33: TI Allowance (Landlord) | E33: ='Industrial Gross Ex CF'!AQ25 -> 375000

Sheet Industrial Gross Ex Assump
B2: Industrial Gross Ex - Assumptions
B3: [Industrial Building]
B7: DEAL
B8: Tenant Name | D8: [Tenant]
B9: Leased SF | D9: 25000
B10: Lease Start Date | D10: 46023
B11: Analysis Start | D11: 46023
B12: Lease Term (Months) | D12: 39
B13: Free Rent (Months) | D13: 2
B14: Lease Type | D14: Industrial Gross
B16: RENT
B17: Starting Base Rent ($/SF/Yr) | D17: 18
B18: Annual Rent Escalation | D18: 0.035
B19: SF Rent Tax | D19: 0.035
B20: Abatement Structure | D20: Months 1-2 (consecutive)
B22: OPERATING EXPENSES & INDUSTRIAL GROSS
B23: OpEx Base Year ($/SF) (Estimate) | D23: 25
B24: OpEx Annual Increase (Estimate) | D24: 0.04
B25: OpEx Start Date | D25: 46388
B26: OpEx Base Year | D26: 2026
B27: Industrial Gross ($/SF/Yr) (Estimate) | D27: 5 | F27: Separate line item - not in base rent, not in OpEx
B28: IG Annual Increase (Estimate) | D28: 0.03
B30: TENANT IMPROVEMENTS
B31: TI Allowance ($/SF) | D31: 15 | F31: INFORMATIONAL ONLY - excluded from cash flow and all totals
B32: TI Toward Rent ($/SF) | D32: 0 | F32: Real credit - applied against rent in month 1
B33: TI Construction (Tenant Cost) | D33: 0
B34: Furniture (Tenant Cost) | D34: 0
B36: RENT SCHEDULE ($/SF/YEAR)
B37: Lease Year | D37: $/SF/Year
B38: 1 | D38: =$D$17 -> 18
B39: 2 | D39: =$D$38*(1+$D$18) -> 18.63
B40: 3 | D40: =$D$39*(1+$D$18) -> 19.28205
B41: 4 | D41: =$D$40*(1+$D$18) -> 19.956922

Sheet Industrial Gross Ex CF
B2: Industrial Gross Ex - Monthly Cash Flow
B3: [Tenant] | [Industrial Building] | 25,000 SF | Industrial Gross | 39 months
B5: Lease Year | D5: 1 | E5: 1 | F5: 1 | G5: 1 | H5: 1 | I5: 1 | J5: 1 | K5: 1 | L5: 1 | M5: 1 | N5: 1 | O5: 1 | P5: 2 | Q5: 2 | R5: 2 | S5: 2 | T5: 2 | U5: 2 | V5: 2 | W5: 2 | X5: 2 | Y5: 2 | Z5: 2 | AA5: 2 | AB5: 3 | AC5: 3 | AD5: 3 | AE5: 3 | AF5: 3 | AG5: 3 | AH5: 3 | AI5: 3 | AJ5: 3 | AK5: 3 | AL5: 3 | AM5: 3 | AN5: 4 | AO5: 4 | AP5: 4 | AQ5: TOTAL
B6: Month | D6: 1 | E6: 2 | F6: 3 | G6: 4 | H6: 5 | I6: 6 | J6: 7 | K6: 8 | L6: 9 | M6: 10 | N6: 11 | O6: 12 | P6: 13 | Q6: 14 | R6: 15 | S6: 16 | T6: 17 | U6: 18 | V6: 19 | W6: 20 | X6: 21 | Y6: 22 | Z6: 23 | AA6: 24 | AB6: 25 | AC6: 26 | AD6: 27 | AE6: 28 | AF6: 29 | AG6: 30 | AH6: 31 | AI6: 32 | AJ6: 33 | AK6: 34 | AL6: 35 | AM6: 36 | AN6: 37 | AO6: 38 | AP6: 39
B7: Month-Ending | D7: =EDATE('Industrial Gross Ex Assump'!$D$11,0) -> 46023 | E7: =EDATE('Industrial Gross Ex Assump'!$D$11,1) -> 46054 | F7: =EDATE('Industrial Gross Ex Assump'!$D$11,2) -> 46082 | G7: =EDATE('Industrial Gross Ex Assump'!$D$11,3) -> 46113 | H7: =EDATE('Industrial Gross Ex Assump'!$D$11,4) -> 46143 | I7: =EDATE('Industrial Gross Ex Assump'!$D$11,5) -> 46174 | J7: =EDATE('Industrial Gross Ex Assump'!$D$11,6) -> 46204 | K7: =EDATE('Industrial Gross Ex Assump'!$D$11,7) -> 46235 | L7: =EDATE('Industrial Gross Ex Assump'!$D$11,8) -> 46266 | M7: =EDATE('Industrial Gross Ex Assump'!$D$11,9) -> 46296 | N7: =EDATE('Industrial Gross Ex Assump'!$D$11,10) -> 46327 | O7: =EDATE('Industrial Gross Ex Assump'!$D$11,11) -> 46357 | P7: =EDATE('Industrial Gross Ex Assump'!$D$11,12) -> 46388 | Q7: =EDATE('Industrial Gross Ex Assump'!$D$11,13) -> 46419 | R7: =EDATE('Industrial Gross Ex Assump'!$D$11,14) -> 46447 | S7: =EDATE('Industrial Gross Ex Assump'!$D$11,15) -> 46478 | T7: =EDATE('Industrial Gross Ex Assump'!$D$11,16) -> 46508 | U7: =EDATE('Industrial Gross Ex Assump'!$D$11,17) -> 46539 | V7: =EDATE('Industrial Gross Ex Assump'!$D$11,18) -> 46569 | W7: =EDATE('Industrial Gross Ex Assump'!$D$11,19) -> 46600 | X7: =EDATE('Industrial Gross Ex Assump'!$D$11,20) -> 46631 | Y7: =EDATE('Industrial Gross Ex Assump'!$D$11,21) -> 46661 | Z7: =EDATE('Industrial Gross Ex Assump'!$D$11,22) -> 46692 | AA7: =EDATE('Industrial Gross Ex Assump'!$D$11,23) -> 46722 | AB7: =EDATE('Industrial Gross Ex Assump'!$D$11,24) -> 46753 | AC7: =EDATE('Industrial Gross Ex Assump'!$D$11,25) -> 46784 | AD7: =EDATE('Industrial Gross Ex Assump'!$D$11,26) -> 46813 | AE7: =EDATE('Industrial Gross Ex Assump'!$D$11,27) -> 46844 | AF7: =EDATE('Industrial Gross Ex Assump'!$D$11,28) -> 46874 | AG7: =EDATE('Industrial Gross Ex Assump'!$D$11,29) -> 46905 | AH7: =EDATE('Industrial Gross Ex Assump'!$D$11,30) -> 46935 | AI7: =EDATE('Industrial Gross Ex Assump'!$D$11,31) -> 46966 | AJ7: =EDATE('Industrial Gross Ex Assump'!$D$11,32) -> 46997 | AK7: =EDATE('Industrial Gross Ex Assump'!$D$11,33) -> 47027 | AL7: =EDATE('Industrial Gross Ex Assump'!$D$11,34) -> 47058 | AM7: =EDATE('Industrial Gross Ex Assump'!$D$11,35) -> 47088 | AN7: =EDATE('Industrial Gross Ex Assump'!$D$11,36) -> 47119 | AO7: =EDATE('Industrial Gross Ex Assump'!$D$11,37) -> 47150 | AP7: =EDATE('Industrial Gross Ex Assump'!$D$11,38) -> 47178
B9: RENT
B10: Base Rent | D10: ='Industrial Gross Ex Assump'!$D$9*'Industrial Gross Ex Assump'!$D$38/12 -> 37500 | E10: ='Industrial Gross Ex Assump'!$D$9*'Industrial Gross Ex Assump'!$D$38/12 -> 37500 | F10: ='Industrial Gross Ex Assump'!$D$9*'Industrial Gross Ex Assump'!$D$38/12 -> 37500 | G10: ='Industrial Gross Ex Assump'!$D$9*'Industrial Gross Ex Assump'!$D$38/12 -> 37500 | H10: ='Industrial Gross Ex Assump'!$D$9*'Industrial Gross Ex Assump'!$D$38/12 -> 37500 | I10: ='Industrial Gross Ex Assump'!$D$9*'Industrial Gross Ex Assump'!$D$38/12 -> 37500 | J10: ='Industrial Gross Ex Assump'!$D$9*'Industrial Gross Ex Assump'!$D$38/12 -> 37500 | K10: ='Industrial Gross Ex Assump'!$D$9*'Industrial Gross Ex Assump'!$D$38/12 -> 37500 | ... O10: ='Industrial Gross Ex Assump'!$D$9*'Industrial Gross Ex Assump'!$D$38/12 -> 37500 | P10: ='Industrial Gross Ex Assump'!$D$9*'Industrial Gross Ex Assump'!$D$39/12 -> 38812.5 | Q10: ='Industrial Gross Ex Assump'!$D$9*'Industrial Gross Ex Assump'!$D$39/12 -> 38812.5 | R10: ='Industrial Gross Ex Assump'!$D$9*'Industrial Gross Ex Assump'!$D$39/12 -> 38812.5 | S10: ='Industrial Gross Ex Assump'!$D$9*'Industrial Gross Ex Assump'!$D$39/12 -> 38812.5 | T10: ='Industrial Gross Ex Assump'!$D$9*'Industrial Gross Ex Assump'!$D$39/12 -> 38812.5 | U10: ='Industrial Gross Ex Assump'!$D$9*'Industrial Gross Ex Assump'!$D$39/12 -> 38812.5 | V10: ='Industrial Gross Ex Assump'!$D$9*'Industrial Gross Ex Assump'!$D$39/12 -> 38812.5 | W10: ='Industrial Gross Ex Assump'!$D$9*'Industrial Gross Ex Assump'!$D$39/12 -> 38812.5 | ... AA10: ='Industrial Gross Ex Assump'!$D$9*'Industrial Gross Ex Assump'!$D$39/12 -> 38812.5 | AB10: ='Industrial Gross Ex Assump'!$D$9*'Industrial Gross Ex Assump'!$D$40/12 -> 40170.938 | AC10: ='Industrial Gross Ex Assump'!$D$9*'Industrial Gross Ex Assump'!$D$40/12 -> 40170.938 | AD10: ='Industrial Gross Ex Assump'!$D$9*'Industrial Gross Ex Assump'!$D$40/12 -> 40170.938 | AE10: ='Industrial Gross Ex Assump'!$D$9*'Industrial Gross Ex Assump'!$D$40/12 -> 40170.938 | AF10: ='Industrial Gross Ex Assump'!$D$9*'Industrial Gross Ex Assump'!$D$40/12 -> 40170.938 | AG10: ='Industrial Gross Ex Assump'!$D$9*'Industrial Gross Ex Assump'!$D$40/12 -> 40170.938 | AH10: ='Industrial Gross Ex Assump'!$D$9*'Industrial Gross Ex Assump'!$D$40/12 -> 40170.938 | AI10: ='Industrial Gross Ex Assump'!$D$9*'Industrial Gross Ex Assump'!$D$40/12 -> 40170.938 | ... AM10: ='Industrial Gross Ex Assump'!$D$9*'Industrial Gross Ex Assump'!$D$40/12 -> 40170.938 | AN10: ='Industrial Gross Ex Assump'!$D$9*'Industrial Gross Ex Assump'!$D$41/12 -> 41576.92 | AO10: ='Industrial Gross Ex Assump'!$D$9*'Industrial Gross Ex Assump'!$D$41/12 -> 41576.92 | AP10: ='Industrial Gross Ex Assump'!$D$9*'Industrial Gross Ex Assump'!$D$41/12 -> 41576.92 | AQ10: =SUM(D10:AP10) -> 1522532
B11: Base Rent Abatements | D11: =IF(1<='Industrial Gross Ex Assump'!$D$13,-D10,0) -> -37500 | E11: =IF(2<='Industrial Gross Ex Assump'!$D$13,-E10,0) -> -37500 | F11: =IF(3<='Industrial Gross Ex Assump'!$D$13,-F10,0) -> 0 | G11: =IF(4<='Industrial Gross Ex Assump'!$D$13,-G10,0) -> 0 | H11: =IF(5<='Industrial Gross Ex Assump'!$D$13,-H10,0) -> 0 | I11: =IF(6<='Industrial Gross Ex Assump'!$D$13,-I10,0) -> 0 | J11: =IF(7<='Industrial Gross Ex Assump'!$D$13,-J10,0) -> 0 | K11: =IF(8<='Industrial Gross Ex Assump'!$D$13,-K10,0) -> 0 | L11: =IF(9<='Industrial Gross Ex Assump'!$D$13,-L10,0) -> 0 | M11: =IF(10<='Industrial Gross Ex Assump'!$D$13,-M10,0) -> 0 | N11: =IF(11<='Industrial Gross Ex Assump'!$D$13,-N10,0) -> 0 | O11: =IF(12<='Industrial Gross Ex Assump'!$D$13,-O10,0) -> 0 | P11: =IF(13<='Industrial Gross Ex Assump'!$D$13,-P10,0) -> 0 | Q11: =IF(14<='Industrial Gross Ex Assump'!$D$13,-Q10,0) -> 0 | R11: =IF(15<='Industrial Gross Ex Assump'!$D$13,-R10,0) -> 0 | S11: =IF(16<='Industrial Gross Ex Assump'!$D$13,-S10,0) -> 0 | T11: =IF(17<='Industrial Gross Ex Assump'!$D$13,-T10,0) -> 0 | U11: =IF(18<='Industrial Gross Ex Assump'!$D$13,-U10,0) -> 0 | V11: =IF(19<='Industrial Gross Ex Assump'!$D$13,-V10,0) -> 0 | W11: =IF(20<='Industrial Gross Ex Assump'!$D$13,-W10,0) -> 0 | X11: =IF(21<='Industrial Gross Ex Assump'!$D$13,-X10,0) -> 0 | Y11: =IF(22<='Industrial Gross Ex Assump'!$D$13,-Y10,0) -> 0 | Z11: =IF(23<='Industrial Gross Ex Assump'!$D$13,-Z10,0) -> 0 | AA11: =IF(24<='Industrial Gross Ex Assump'!$D$13,-AA10,0) -> 0 | AB11: =IF(25<='Industrial Gross Ex Assump'!$D$13,-AB10,0) -> 0 | AC11: =IF(26<='Industrial Gross Ex Assump'!$D$13,-AC10,0) -> 0 | AD11: =IF(27<='Industrial Gross Ex Assump'!$D$13,-AD10,0) -> 0 | AE11: =IF(28<='Industrial Gross Ex Assump'!$D$13,-AE10,0) -> 0 | AF11: =IF(29<='Industrial Gross Ex Assump'!$D$13,-AF10,0) -> 0 | AG11: =IF(30<='Industrial Gross Ex Assump'!$D$13,-AG10,0) -> 0 | AH11: =IF(31<='Industrial Gross Ex Assump'!$D$13,-AH10,0) -> 0 | AI11: =IF(32<='Industrial Gross Ex Assump'!$D$13,-AI10,0) -> 0 | AJ11: =IF(33<='Industrial Gross Ex Assump'!$D$13,-AJ10,0) -> 0 | AK11: =IF(34<='Industrial Gross Ex Assump'!$D$13,-AK10,0) -> 0 | AL11: =IF(35<='Industrial Gross Ex Assump'!$D$13,-AL10,0) -> 0 | AM11: =IF(36<='Industrial Gross Ex Assump'!$D$13,-AM10,0) -> 0 | AN11: =IF(37<='Industrial Gross Ex Assump'!$D$13,-AN10,0) -> 0 | AO11: =IF(38<='Industrial Gross Ex Assump'!$D$13,-AO10,0) -> 0 | AP11: =IF(39<='Industrial Gross Ex Assump'!$D$13,-AP10,0) -> 0 | AQ11: =SUM(D11:AP11) -> -75000
B12: TI Toward Rent (Credit) | D12: =-'Industrial Gross Ex Assump'!$D$9*'Industrial Gross Ex Assump'!$D$32 -> 0 | E12: =0 -> 0 | F12: =0 -> 0 | G12: =0 -> 0 | H12: =0 -> 0 | I12: =0 -> 0 | J12: =0 -> 0 | K12: =0 -> 0 | L12: =0 -> 0 | ... AP12: =0 -> 0 | AQ12: =SUM(D12:AP12) -> 0
B13: SF Rent Tax | D13: =IF(D11<>0,0,D10*'Industrial Gross Ex Assump'!$D$19) -> 0 | E13: =IF(E11<>0,0,E10*'Industrial Gross Ex Assump'!$D$19) -> 0 | F13: =IF(F11<>0,0,F10*'Industrial Gross Ex Assump'!$D$19) -> 1312.5 | G13: =IF(G11<>0,0,G10*'Industrial Gross Ex Assump'!$D$19) -> 1312.5 | H13: =IF(H11<>0,0,H10*'Industrial Gross Ex Assump'!$D$19) -> 1312.5 | I13: =IF(I11<>0,0,I10*'Industrial Gross Ex Assump'!$D$19) -> 1312.5 | J13: =IF(J11<>0,0,J10*'Industrial Gross Ex Assump'!$D$19) -> 1312.5 | K13: =IF(K11<>0,0,K10*'Industrial Gross Ex Assump'!$D$19) -> 1312.5 | ... AP13: =IF(AP11<>0,0,AP10*'Industrial Gross Ex Assump'!$D$19) -> 1455.1922 | AQ13: =SUM(D13:AP13) -> 50663.62
B14: Gross Rent | D14: =D10+D11+D12+D13 -> 0 | E14: =E10+E11+E12+E13 -> 0 | F14: =F10+F11+F12+F13 -> 38812.5 | G14: =G10+G11+G12+G13 -> 38812.5 | H14: =H10+H11+H12+H13 -> 38812.5 | I14: =I10+I11+I12+I13 -> 38812.5 | J14: =J10+J11+J12+J13 -> 38812.5 | K14: =K10+K11+K12+K13 -> 38812.5 | ... AP14: =AP10+AP11+AP12+AP13 -> 43032.113 | AQ14: =SUM(D14:AP14) -> 1498195.6
B15: OPERATING COSTS, IG & OTHER
B16: Operating Expenses (Estimate) | D16: =IF(D7<'Industrial Gross Ex Assump'!$D$25,0,'Industrial Gross Ex Assump'!$D$9*'Industrial Gross Ex Assump'!$D$23*((1+'Industrial Gross Ex Assump'!$D$24)^(YEAR(D7)-'Industrial Gross Ex Assump'!$D$26)-1)/12) -> 0 | E16: =IF(E7<'Industrial Gross Ex Assump'!$D$25,0,'Industrial Gross Ex Assump'!$D$9*'Industrial Gross Ex Assump'!$D$23*((1+'Industrial Gross Ex Assump'!$D$24)^(YEAR(E7)-'Industrial Gross Ex Assump'!$D$26)-1)/12) -> 0 | F16: =IF(F7<'Industrial Gross Ex Assump'!$D$25,0,'Industrial Gross Ex Assump'!$D$9*'Industrial Gross Ex Assump'!$D$23*((1+'Industrial Gross Ex Assump'!$D$24)^(YEAR(F7)-'Industrial Gross Ex Assump'!$D$26)-1)/12) -> 0 | G16: =IF(G7<'Industrial Gross Ex Assump'!$D$25,0,'Industrial Gross Ex Assump'!$D$9*'Industrial Gross Ex Assump'!$D$23*((1+'Industrial Gross Ex Assump'!$D$24)^(YEAR(G7)-'Industrial Gross Ex Assump'!$D$26)-1)/12) -> 0 | H16: =IF(H7<'Industrial Gross Ex Assump'!$D$25,0,'Industrial Gross Ex Assump'!$D$9*'Industrial Gross Ex Assump'!$D$23*((1+'Industrial Gross Ex Assump'!$D$24)^(YEAR(H7)-'Industrial Gross Ex Assump'!$D$26)-1)/12) -> 0 | I16: =IF(I7<'Industrial Gross Ex Assump'!$D$25,0,'Industrial Gross Ex Assump'!$D$9*'Industrial Gross Ex Assump'!$D$23*((1+'Industrial Gross Ex Assump'!$D$24)^(YEAR(I7)-'Industrial Gross Ex Assump'!$D$26)-1)/12) -> 0 | J16: =IF(J7<'Industrial Gross Ex Assump'!$D$25,0,'Industrial Gross Ex Assump'!$D$9*'Industrial Gross Ex Assump'!$D$23*((1+'Industrial Gross Ex Assump'!$D$24)^(YEAR(J7)-'Industrial Gross Ex Assump'!$D$26)-1)/12) -> 0 | K16: =IF(K7<'Industrial Gross Ex Assump'!$D$25,0,'Industrial Gross Ex Assump'!$D$9*'Industrial Gross Ex Assump'!$D$23*((1+'Industrial Gross Ex Assump'!$D$24)^(YEAR(K7)-'Industrial Gross Ex Assump'!$D$26)-1)/12) -> 0 | ... AP16: =IF(AP7<'Industrial Gross Ex Assump'!$D$25,0,'Industrial Gross Ex Assump'!$D$9*'Industrial Gross Ex Assump'!$D$23*((1+'Industrial Gross Ex Assump'!$D$24)^(YEAR(AP7)-'Industrial Gross Ex Assump'!$D$26)-1)/12) -> 6503.3333 | AQ16: =SUM(D16:AP16) -> 95510
B17: Industrial Gross (Estimate) | D17: ='Industrial Gross Ex Assump'!$D$9*'Industrial Gross Ex Assump'!$D$27*(1+'Industrial Gross Ex Assump'!$D$28)^0/12 -> 10416.667 | E17: ='Industrial Gross Ex Assump'!$D$9*'Industrial Gross Ex Assump'!$D$27*(1+'Industrial Gross Ex Assump'!$D$28)^0/12 -> 10416.667 | F17: ='Industrial Gross Ex Assump'!$D$9*'Industrial Gross Ex Assump'!$D$27*(1+'Industrial Gross Ex Assump'!$D$28)^0/12 -> 10416.667 | G17: ='Industrial Gross Ex Assump'!$D$9*'Industrial Gross Ex Assump'!$D$27*(1+'Industrial Gross Ex Assump'!$D$28)^0/12 -> 10416.667 | H17: ='Industrial Gross Ex Assump'!$D$9*'Industrial Gross Ex Assump'!$D$27*(1+'Industrial Gross Ex Assump'!$D$28)^0/12 -> 10416.667 | I17: ='Industrial Gross Ex Assump'!$D$9*'Industrial Gross Ex Assump'!$D$27*(1+'Industrial Gross Ex Assump'!$D$28)^0/12 -> 10416.667 | J17: ='Industrial Gross Ex Assump'!$D$9*'Industrial Gross Ex Assump'!$D$27*(1+'Industrial Gross Ex Assump'!$D$28)^0/12 -> 10416.667 | K17: ='Industrial Gross Ex Assump'!$D$9*'Industrial Gross Ex Assump'!$D$27*(1+'Industrial Gross Ex Assump'!$D$28)^0/12 -> 10416.667 | ... O17: ='Industrial Gross Ex Assump'!$D$9*'Industrial Gross Ex Assump'!$D$27*(1+'Industrial Gross Ex Assump'!$D$28)^0/12 -> 10416.667 | P17: ='Industrial Gross Ex Assump'!$D$9*'Industrial Gross Ex Assump'!$D$27*(1+'Industrial Gross Ex Assump'!$D$28)^1/12 -> 10729.167 | Q17: ='Industrial Gross Ex Assump'!$D$9*'Industrial Gross Ex Assump'!$D$27*(1+'Industrial Gross Ex Assump'!$D$28)^1/12 -> 10729.167 | R17: ='Industrial Gross Ex Assump'!$D$9*'Industrial Gross Ex Assump'!$D$27*(1+'Industrial Gross Ex Assump'!$D$28)^1/12 -> 10729.167 | S17: ='Industrial Gross Ex Assump'!$D$9*'Industrial Gross Ex Assump'!$D$27*(1+'Industrial Gross Ex Assump'!$D$28)^1/12 -> 10729.167 | T17: ='Industrial Gross Ex Assump'!$D$9*'Industrial Gross Ex Assump'!$D$27*(1+'Industrial Gross Ex Assump'!$D$28)^1/12 -> 10729.167 | U17: ='Industrial Gross Ex Assump'!$D$9*'Industrial Gross Ex Assump'!$D$27*(1+'Industrial Gross Ex Assump'!$D$28)^1/12 -> 10729.167 | V17: ='Industrial Gross Ex Assump'!$D$9*'Industrial Gross Ex Assump'!$D$27*(1+'Industrial Gross Ex Assump'!$D$28)^1/12 -> 10729.167 | W17: ='Industrial Gross Ex Assump'!$D$9*'Industrial Gross Ex Assump'!$D$27*(1+'Industrial Gross Ex Assump'!$D$28)^1/12 -> 10729.167 | ... AA17: ='Industrial Gross Ex Assump'!$D$9*'Industrial Gross Ex Assump'!$D$27*(1+'Industrial Gross Ex Assump'!$D$28)^1/12 -> 10729.167 | AB17: ='Industrial Gross Ex Assump'!$D$9*'Industrial Gross Ex Assump'!$D$27*(1+'Industrial Gross Ex Assump'!$D$28)^2/12 -> 11051.042 | AC17: ='Industrial Gross Ex Assump'!$D$9*'Industrial Gross Ex Assump'!$D$27*(1+'Industrial Gross Ex Assump'!$D$28)^2/12 -> 11051.042 | AD17: ='Industrial Gross Ex Assump'!$D$9*'Industrial Gross Ex Assump'!$D$27*(1+'Industrial Gross Ex Assump'!$D$28)^2/12 -> 11051.042 | AE17: ='Industrial Gross Ex Assump'!$D$9*'Industrial Gross Ex Assump'!$D$27*(1+'Industrial Gross Ex Assump'!$D$28)^2/12 -> 11051.042 | AF17: ='Industrial Gross Ex Assump'!$D$9*'Industrial Gross Ex Assump'!$D$27*(1+'Industrial Gross Ex Assump'!$D$28)^2/12 -> 11051.042 | AG17: ='Industrial Gross Ex Assump'!$D$9*'Industrial Gross Ex Assump'!$D$27*(1+'Industrial Gross Ex Assump'!$D$28)^2/12 -> 11051.042 | AH17: ='Industrial Gross Ex Assump'!$D$9*'Industrial Gross Ex Assump'!$D$27*(1+'Industrial Gross Ex Assump'!$D$28)^2/12 -> 11051.042 | AI17: ='Industrial Gross Ex Assump'!$D$9*'Industrial Gross Ex Assump'!$D$27*(1+'Industrial Gross Ex Assump'!$D$28)^2/12 -> 11051.042 | ... AM17: ='Industrial Gross Ex Assump'!$D$9*'Industrial Gross Ex Assump'!$D$27*(1+'Industrial Gross Ex Assump'!$D$28)^2/12 -> 11051.042 | AN17: ='Industrial Gross Ex Assump'!$D$9*'Industrial Gross Ex Assump'!$D$27*(1+'Industrial Gross Ex Assump'!$D$28)^3/12 -> 11382.573 | AO17: ='Industrial Gross Ex Assump'!$D$9*'Industrial Gross Ex Assump'!$D$27*(1+'Industrial Gross Ex Assump'!$D$28)^3/12 -> 11382.573 | AP17: ='Industrial Gross Ex Assump'!$D$9*'Industrial Gross Ex Assump'!$D$27*(1+'Industrial Gross Ex Assump'!$D$28)^3/12 -> 11382.573 | AQ17: =SUM(D17:AP17) -> 420510.22
B18: TI Construction | D18: ='Industrial Gross Ex Assump'!$D$33 -> 0 | E18: =0 -> 0 | F18: =0 -> 0 | G18: =0 -> 0 | H18: =0 -> 0 | I18: =0 -> 0 | J18: =0 -> 0 | K18: =0 -> 0 | L18: =0 -> 0 | ... AP18: =0 -> 0 | AQ18: =SUM(D18:AP18) -> 0
B19: Furniture (Tenant Cost) | D19: ='Industrial Gross Ex Assump'!$D$34 -> 0 | E19: =0 -> 0 | F19: =0 -> 0 | G19: =0 -> 0 | H19: =0 -> 0 | I19: =0 -> 0 | J19: =0 -> 0 | K19: =0 -> 0 | L19: =0 -> 0 | ... AP19: =0 -> 0 | AQ19: =SUM(D19:AP19) -> 0
B21: Net Cost | D21: =D14+D16+D17+D18+D19 -> 10416.667 | E21: =E14+E16+E17+E18+E19 -> 10416.667 | F21: =F14+F16+F17+F18+F19 -> 49229.167 | G21: =G14+G16+G17+G18+G19 -> 49229.167 | H21: =H14+H16+H17+H18+H19 -> 49229.167 | I21: =I14+I16+I17+I18+I19 -> 49229.167 | J21: =J14+J16+J17+J18+J19 -> 49229.167 | K21: =K14+K16+K17+K18+K19 -> 49229.167 | ... AP21: =AP14+AP16+AP17+AP18+AP19 -> 60918.019 | AQ21: =SUM(D21:AP21) -> 2014215.9
B24: MEMO - INFORMATIONAL, EXCLUDED FROM NET COST
B25: TI Allowance (Landlord) | AQ25: ='Industrial Gross Ex Assump'!$D$9*'Industrial Gross Ex Assump'!$D$31 -> 375000
